 Dungeon Crawl Stone Soup version 0.29.1-12-g30fa7ad0bf (webtiles) character file.

Game seed: 6660751500820972981

13593 Radix the Geomancer (level 12, -6/71 HPs)
             Began as a Gargoyle Earth Elementalist on Dec 17, 2022.
             Was an Elder of Vehumet.
             Hit by a large rock thrown by a cyclops (33 damage)
             ... on level 10 of the Dungeon on Dec 18, 2022.
             The game lasted 01:53:14 (12495 turns).

Radix the Geomancer (Gargoyle Earth Elementalist)  Turns: 12495, Time: 01:53:14

Health: -6/71      AC: 15    Str: 12    XL:     12   Next: 7%
Magic:  26/26      EV: 11    Int: 28    God:    Vehumet [****..]
Gold:   479        SH:  0    Dex: 10    Spells: 27/31 levels left

rFire   + . .      SeeInvis .   h - +5 whip (elec)
rCold   . . .      Faith    .   (no shield)
rNeg    + . .      Spirit   .   v - +2 robe {Archmagi}
rPois   ∞          Reflect  .   B - +1 helmet
rElec   +          Harm     .   I - +0 cloak
rCorr   .          Rampage  .   (no gloves)
Will    +....      Archmagi +   (no boots)
Stlth   ++........              (no amulet)
HPRegen 0.21/turn               g - ring "Lac Pire" {Wiz Will+ Int+7}
MPRegen 0.20/turn               J - ring of protection from fire

@: no status effects
A: sickness immunity, AC +8, negative energy resistance 1, electricity
resistance, torment resistance 1, petrification resistance
a: Renounce Religion


You were on level 10 of the Dungeon.
You worshipped Vehumet.
Vehumet was greatly pleased with you.
You visited 2 branches of the dungeon, and saw 11 of its levels.
You also visited: Sewer and Bailey.

You collected 869 gold pieces.
You spent 390 gold pieces at shops.

Inventory:

Hand Weapons
 f - a +2 short sword of speed
 h - a +5 whip of electrocution (weapon)
 j - a +2 whip of freezing
 A - a +1 mace of protection
 M - a +3 vampiric hand axe
 V - a +4 dire flail
Armour
 a - a +0 robe
 l - a +0 leather armour
 t - a +3 ring mail
 v - a +2 robe of the Archmagi (worn)
 B - a +1 helmet (worn)
 I - a +0 cloak (worn)
 N - a +2 crystal plate armour
 O - the +0 kite shield of Pedupseck {Harm Str+2}
   (You found it in a bailey)

   Str:       It affects your strength (+2).
   Harm:      It increases damage dealt and taken.
 R - a +0 helmet
 W - a +0 troll leather armour
 Y - +0 steam dragon scales
Jewellery
 g - the ring "Lac Pire" (left hand) {Wiz Will+ Int+7}
   (You acquired it on level 4 of the Dungeon)

   [ring of wizardry]

   It improves your spell success rate.
   Int:       It affects your intelligence (+7).
   Will:      It increases your willpower.
 z - a ring of resist corrosion
 D - a ring of fire
 J - a ring of protection from fire (right hand)
 X - a ring of willpower
Wands
 r - a wand of flame (34)
 w - a wand of polymorph (15)
 y - a wand of light (9)
 C - a wand of roots (20) (quivered)
Scrolls
 q - a scroll of enchant armour
 s - 4 scrolls of teleportation
 u - 2 scrolls of magic mapping
 F - a scroll of fog
 G - a scroll of blinking
 K - a scroll of silence {unknown}
 L - 3 scrolls of identify
 Q - a scroll of vulnerability {unknown}
 S - a scroll of enchant weapon
 T - 2 scrolls of poison {unknown}
Potions
 b - 2 potions of magic
 c - 2 potions of lignification
 d - a potion of heal wounds {unknown}
 e - 6 potions of curing
 i - 2 potions of attraction
 k - 4 potions of haste
 m - 2 potions of cancellation {unknown}
 n - 3 potions of mutation
 p - a potion of brilliance {unknown}
 x - 2 potions of flight
 E - 2 potions of might {unknown}
 P - 10 potions of degeneration
 U - 2 potions of ambrosia {unknown}
Miscellaneous
 H - a piece from Xom's chessboard (15/15)


   Skills:
 + Level 6.9 Fighting
 + Level 6.2 Maces & Flails
 - Level 1.5 Dodging
 - Level 2.1 Stealth
 + Level 10.4 Spellcasting
 - Level 0.7 Transmutations
 + Level 13.6 Earth Magic
 + Level 5.7 Evocations


You had 27 spell levels left.
You knew the following spells:

 Your Spells              Type           Power      Damage    Failure   Level
a - Sandblast             Erth           100%       2d20      0%          1
b - Stone Arrow           Conj/Erth      100%       3d13      1%          3

Your spell library contained the following spells:

 Spells                   Type           Power      Damage    Failure   Level
 Fulminant Prism          Conj/Hex       11%        3d9       4%          4
 Passwall                 Tmut/Erth      58%        N/A       1%          2
 Petrify                  Tmut/Erth      70%        N/A       1%          4
 Portal Projectile        Hex/Tloc       44%        N/A       4%          3
 Tukima's Dance           Hex            22%        N/A       4%          3
 Blade Hands              Tmut           14%        N/A       30%         5


Dungeon Overview and Level Annotations

Branches:
Dungeon (10/15)            Temple (1/1) D:6            Lair (0/5) D:10
    Orc (0/2) D:9           Sewer (visited)          Bailey (visited)

Altars:
Cheibriados
Dithmenos
Kikubaaqudgha
Nemelex Xobeh
Okawaru
Qazlal
Trog
Vehumet
Wu Jian
Xom
Yredelemnul

Shops:
D:7 *


Innate Abilities, Weirdness & Mutations

You are immune to sickness and miasma.
Your stone body is resilient. (AC +8)
You are immune to poison.
You resist negative energy. (rN+)
You are resistant to electric shocks. (rElec)
You are resistant to unholy torment.
You are immune to petrification.


Message History

The two-headed ogre is heavily wounded.
Casting: Stone Arrow (safe; 1% risk of failure)
Confirm with . or Enter, or press ? or * to list all spells.
Aiming: Sandblast (safe; 0% risk of failure)
Press: ? - help, Shift-Dir - straight line, f/p - two-headed ogre
Aim: a two-headed ogre, wielding a +0 giant spiked club and a +0 giant club (heavily wounded, 93% to hit)
You feel a surge of power!
The blast of sand hits the two-headed ogre!!
The two-headed ogre is almost dead.
The two-headed ogre barely misses you.
The two-headed ogre hits you with a +0 giant club!
Casting: Sandblast (safe; 0% risk of failure)
Confirm with . or Enter, or press ? or * to list all spells.
Aiming: Sandblast (safe; 0% risk of failure)
Press: ? - help, Shift-Dir - straight line, f/p - two-headed ogre
Aim: a two-headed ogre, wielding a +0 giant spiked club and a +0 giant club (almost dead, 93% to hit)
You feel a surge of power!
The blast of sand hits the two-headed ogre!!
You kill the two-headed ogre!
Vehumet accepts your kill.
You feel your power returning.
Things that are here:
a +0 giant spiked club; a +0 giant club You start resting.
Magic restored.
You start resting.
HP restored.
Found a scroll of identify.
You now have 479 gold pieces (gained 15).
L - 3 scrolls of identify (gained 1)
A cyclops comes into view.
Found 21 gold pieces.
The cyclops shouts!
The cyclops throws a large rock.
The large rock hits you!!
The cyclops throws a large rock.
The large rock hits you!
You whack the plant!
The plant begins to die.
The plant is lightly damaged.
A nearby plant withers and dies.
The cyclops throws a large rock.
The large rock hits you!!
You die...

#....P..P.PP.....#
#P..P.P....P..P.P######
#....PPP.>.....P.......#
#..P....P..P.PP..P..##.#
#....P..P...P..P..#.##.#
#...P......P......#.##.# ######
#....P........P.....##.# #.....
##........).P.....#.##.####.####
#.....P.......@##..........# #
#...P..P.P....##..##.#########
.....P.P......<........>......
#.....P..P...........#######.#
##.##...(P....................
## ###########C.#########..>.
#...# #.... #.#.# #.... #.#.#
###....


You could see a cyclops.

Vanquished Creatures
  3 two-headed ogres
  Pikel (D:4)
  An orc knight (Bailey)
  Joseph (D:7)
  A komodo dragon (D:10)
  A troll (D:9)
  Grinder (D:4)
  Sigmund (D:2)
  A wyvern (D:7)
  2 vampires
  A wraith (D:9)
  18 yaks
  The ghost of gdog the Covert, an amateur GnDe (D:4)
  Grum (D:8)
  2 steam dragons
  Duvessa (D:7)
  Pargi (Sewer)
  4 water moccasins
  A swamp drake (D:9)
  10 orc warriors
  3 black bears
  An ice beast (D:7)
  2 wolves (D:8)
  An ogre (D:6)
  A lemure (D:4)
  2 centaurs
  4 phantoms
  4 kobold brigands
  6 bullfrogs
  3 necrophages
  9 wights
  3 scorpions
  Dowan (D:7)
  16 killer bees
  2 electric eels (D:7)
  3 jellies
  6 orc priests
  A hound (D:5)
  Crazy Yiuf (D:5)
  2 gnoll boudas (D:8)
  Jessica (D:2)
  2 iguanas (D:4)
  10 orc wizards
  Robin (D:4)
  11 gnolls
  8 adders
  3 river rats (D:3)
  An ufetubus (D:7)
  2 worms
  A dart slug (D:4)
  74 orcs
  10 ball pythons
  7 endoplasms
  6 giant cockroaches
  14 goblins
  13 hobgoblins
  6 jackals (D:4)
  30 kobolds
  2 quokkas
  3 bats
  6 frilled lizards
  7 rats
342 creatures vanquished.

Vanquished Creatures (others)
  17 fungi
  53 plants
70 creatures vanquished.

Grand Total: 412 creatures vanquished

Notes
Turn   | Place    | Note
-------+----------+-------------------------------------------
     0 | D:1      | Radix the Gargoyle Earth Elementalist began the quest for
                  | the Orb.
     0 | D:1      | Reached XP level 1. HP: 10/10 MP: 3/3
   309 | D:1      | Reached XP level 2. HP: 15/15 MP: 3/5
   356 | D:1      | Reached skill level 4 in Earth Magic
   585 | D:1      | Reached XP level 3. HP: 14/19 MP: 6/6
  1329 | D:2      | Noticed Sigmund
  1580 | D:3      | Reached XP level 4. HP: 14/24 MP: 2/8
  1597 | D:3      | Reached skill level 5 in Earth Magic
  1726 | D:3      | Found a glowing drain.
  1738 | Sewer    | Entered a sewer
  1755 | Sewer    | Noticed a kobold brigand
  1760 | Sewer    | Killed a kobold brigand
  1761 | Sewer    | Reached XP level 5. HP: 17/28 MP: 3/10
  1932 | Sewer    | Noticed Pargi
  1938 | Sewer    | Killed Pargi
  1939 | Sewer    | Reached skill level 6 in Earth Magic
  1939 | Sewer    | Reached XP level 6. HP: 31/32 MP: 6/12
  2037 | D:3      | Learned a level 3 spell: Stone Arrow
  3036 | D:2      | Found a snail-covered altar of Cheibriados.
  3228 | D:2      | Noticed Jessica
  3233 | D:2      | Killed Jessica
  3408 | D:2      | Killed Sigmund
  3409 | D:2      | Reached skill level 5 in Spellcasting
  3409 | D:2      | Reached skill level 7 in Earth Magic
  3409 | D:2      | Reached XP level 7. HP: 36/36 MP: 10/14
  3640 | D:4      | Noticed Grinder
  3645 | D:4      | Paralysed by Grinder for 3 turns
  3656 | D:4      | Killed Grinder
  3814 | D:4      | Noticed Robin
  3828 | D:4      | Killed Robin
  3987 | D:4      | Reached skill level 8 in Earth Magic
  4292 | D:4      | Reached XP level 8. HP: 41/41 MP: 13/17
  4387 | D:4      | Found a runed translucent gate.
  4387 | D:4      | Found a runed translucent gate.
  4387 | D:4      | Found a runed translucent gate.
  4391 | D:4      | Noticed gdog's ghost (amateur GnDe)
  4480 | D:4      | Found a sparkling altar of Nemelex Xobeh.
  4482 | D:4      | Found a shimmering altar of Xom.
  4489 | D:4      | Found an ornate altar of the Wu Jian Council.
  4619 | D:4      | Identified a scroll of acquirement
  4619 | D:4      | Acquired the ring "Lac Pire" {Wiz Will+ Int+7}
  4676 | D:4      | Killed gdog's ghost
  4680 | D:4      | Reached skill level 9 in Earth Magic
  4892 | D:4      | Noticed Pikel
  4907 | D:4      | Killed Pikel
  4908 | D:4      | Reached skill level 10 in Earth Magic
  5324 | D:5      | Entered Level 5 of the Dungeon
  5369 | D:5      | Reached XP level 9. HP: 45/45 MP: 17/20
  5775 | D:5      | Found a runed translucent door.
  5776 | D:5      | Noticed Crazy Yiuf
  5781 | D:5      | Killed Crazy Yiuf
  6315 | D:6      | Reached skill level 11 in Earth Magic
  6542 | D:6      | Found a staircase to the Ecumenical Temple.
  6551 | Temple   | Entered the Ecumenical Temple
  6563 | Temple   | Became a worshipper of Vehumet
  6720 | D:6      | Found a runed translucent door.
  7164 | D:7      | Reached * piety under Vehumet
  7164 | D:7      | Offered knowledge of Shock by Vehumet.
  7249 | D:7      | Reached skill level 1 in Fighting
  7249 | D:7      | Reached skill level 1 in Maces & Flails
  7249 | D:7      | Reached skill level 1 in Evocations
  7458 | D:7      | Noticed a two-headed ogre
  7461 | D:7      | Killed a two-headed ogre
  7462 | D:7      | Reached XP level 10. HP: 54/54 MP: 14/23
  7482 | D:7      | Reached skill level 12 in Earth Magic
  7657 | D:7      | Found Cilaiman's Assorted Antiques.
  7660 | D:7      | Bought a scroll of blinking for 172 gold pieces
  7660 | D:7      | Bought a cloak for 103 gold pieces
  7660 | D:7      | Bought a marble ring for 115 gold pieces
  7900 | D:7      | Noticed Joseph
  7900 | D:7      | Noticed Dowan
  7901 | D:7      | Noticed Duvessa
  7913 | D:7      | Killed Dowan
  7956 | D:7      | Killed Duvessa
  7965 | D:7      | Killed Joseph
  8750 | D:8      | Offered knowledge of Poisonous Vapours by Vehumet.
  8755 | D:8      | Reached ** piety under Vehumet
  8971 | D:8      | Found a flagged portal.
  8984 | Bailey   | Entered a bailey
  9242 | Bailey   | Noticed an orc knight
  9249 | Bailey   | Offered knowledge of Conjure Flame by Vehumet.
  9276 | Bailey   | Killed an orc knight
  9566 | Bailey   | Identified the +0 kite shield of Pedupseck {Harm Str+2}
  9708 | D:8      | Noticed Grum
  9716 | D:8      | Killed Grum
  9717 | D:8      | Reached XP level 11. HP: 34/62 MP: 11/24
  9903 | D:8      | Reached skill level 5 in Fighting
  9903 | D:8      | Reached *** piety under Vehumet
 10396 | D:9      | Noticed a two-headed ogre
 10407 | D:9      | Killed a two-headed ogre
 10416 | D:9      | Reached skill level 5 in Maces & Flails
 10643 | D:9      | Reached skill level 13 in Earth Magic
 10646 | D:9      | Reached skill level 10 in Spellcasting
 10647 | D:9      | Offered knowledge of Hailstorm by Vehumet.
 11076 | D:9      | Found a staircase to the Orcish Mines.
 11081 | D:9      | Reached **** piety under Vehumet
 11088 | D:9      | Reached skill level 5 in Evocations
 11090 | D:9      | Offered knowledge of Fulminant Prism by Vehumet.
 11790 | D:10     | Entered Level 10 of the Dungeon
 12003 | D:10     | Found a basalt altar of Yredelemnul.
 12337 | D:10     | Found a staircase to the Lair.
 12343 | D:10     | Reached XP level 12. HP: 65/71 MP: 24/26
 12358 | D:10     | Noticed a two-headed ogre
 12366 | D:10     | Killed a two-headed ogre
 12495 | D:10     | Hit by a large rock thrown by a cyclops

Illustrated notes

Levels and vault maps discovered:
D:1:      elethiomel_arrival_maze, layout_basic, moated_statue
D:2:      layout_loops_corners, basic_altar, minmay_puff, uniq_jessica,
          uniq_sigmund
D:3:      layout_basic, portal_sewer_entry_e
D:4:      layout_basic, grunt_temple_overflow_diamond,
          gammafunk_ghost_nasty_kobolds, grunt_decor_cap, corexii_shack,
          uniq_pikel, uniq_robin, uniq_grinder
D:5:      layout_loops_ring, kennysheep_flooded_box, minmay_misc_feat_square,
          wad_woods_river_04, minmay_quadrilaterals, uniq_crazy_yiuf_cottage
D:6:      layout_rooms, temple_hall, hellmonk_bongcloud_opening,
          lightli_church_of_beogh
D:7:      layout_basic, serial_shops, kennysheep_mini_moat, minivault_14,
          uniq_duvessa, uniq_joseph
D:8:      layout_cave_pools, enter_bailey_4, dk_rats_in_the_wall, uniq_grum
D:9:      layout_loops_cross, erik_orc_1
D:10:     layout_loops_ring, lemuel_round_altar, due_lair_maze_entry_diamond,
          nicolae_looking_at_the_future
Temple:   regret_index_temple_chain_breaker

Skill      XL: |  1  2  3  4  5  6  7  8  9 10 11 |
---------------+----------------------------------+-----
Earth Magic    | 4 5 6 7 8 10 11 12 13 | 13.6
Spellcasting   | 3 4 5 6 7 9 10 | 10.4
Fighting       | 2 4 6 |  6.9
Maces & Flails | 2 4 6 |  6.2
Evocations     | 2 3 5 |  5.7
Dodging        | |  1.5
Stealth        | |  2.1
Transmutations | |  0.7

Action                   |  1- 3 |  4- 6 |  7- 9 | 10-12 || total
-------------------------+-------+-------+-------+-------++-------
Melee: Short sword       |    24 |    20 |       |       ||    44
       Punch             |       |     1 |     2 |       ||     3
       Whip              |       |       |    33 |    11 ||    44
 Cast: Sandblast         |    44 |    34 |   147 |   167 ||   392
       Stone Arrow       |       |       |    12 |    96 ||   108
Evoke: Wand              |       |       |       |    11 ||    11
  Use: Scroll            |       |       |    12 |     6 ||    18
       Potion            |       |       |       |     1 ||     1
 Stab: Sleeping          |       |     1 |       |     1 ||     2
Armor: Leather armour    |     6 |    13 |       |       ||    19
       Robe              |     2 |       |    54 |    91 ||   147
Dodge: Dodged            |    22 |    19 |    44 |   100 ||   185
Block: Kite shield       |       |       |       |     1 ||     1
